 Seeded DCSS version 0.29.1-15-g9cfb28693d (webtiles) character file.

Game seed: 16245865983455551772 (custom seed)

70 Psyclone the Firebug (level 4, 24/24 HPs)
             Began as a Deep Elf Fire Elementalist on Sept 24, 2023.
             Quit the game on level 3 of the Dungeon.
             The game lasted 00:05:56 (2993 turns).

Psyclone the Firebug (Deep Elf Fire Elementalist)   Turns: 2993, Time: 00:05:57

Health: 24/24      AC:  3    Str:  5    XL:     4   Next: 3%
Magic:  11/11      EV: 12    Int: 34    God:
Gold:   1696       SH:  0    Dex: 15    Spells: 4/10 levels left

rFire   . . .      SeeInvis .   c - +0 dagger
rCold   . . .      Faith    .   (no shield)
rNeg    . . .      Spirit   .   a - +0 robe
rPois   .          Reflect  .   (no helmet)
rElec   .          Harm     .   (no cloak)
rCorr   .          Rampage  .   (no gloves)
Will    .....                   q - +0 pair of boots {Fly}
Stlth   ++........              (no amulet)
HPRegen 0.08/turn               g - +6 ring of intelligence
MPRegen 0.12/turn               h - +6 ring of intelligence

@: flying
A: no striking features
a: no special abilities


You were on level 3 of the Dungeon.
You visited 1 branch of the dungeon, and saw 3 of its levels.

You collected 2070 gold pieces.
You spent 374 gold pieces at shops.

Inventory:

Hand Weapons
 c - a +0 dagger (weapon)
 k - a +0 dagger of draining
Armour
 a - a +0 robe (worn)
 q - a +0 pair of boots of flying (worn)
Jewellery
 g - a +6 ring of intelligence (left hand)
 h - a +6 ring of intelligence (right hand)
Wands
 n - a wand of roots (4)
Scrolls
 f - 2 scrolls of teleportation {unknown}
 j - 2 scrolls of identify {unknown}
 l - a scroll of summoning {unknown}
 m - a scroll of enchant weapon {unknown}
 o - a scroll of noise {unknown}
Potions
 b - a potion of magic
 d - a potion of might {unknown}
 e - 2 potions of flight {unknown}
 i - a potion of lignification {unknown}


   Skills:
 - Level 2.4 Dodging
 - Level 2.4 Stealth
 + Level 3.9 Spellcasting
 - Level 1.1 Conjurations
 - Level 4.5 Fire Magic
 * Level 1.7 Poison Magic


You had 4 spell levels left.
You knew the following spells:

 Your Spells              Type           Power      Damage    Failure   Level
a - Foxfire               Conj/Fire      100%       2x1d9     1%          1
s - Ignite Poison         Fire/Tmut/Pois 20%        N/A       6%          3
v - Poisonous Vapours     Pois/Air       24%        N/A       5%          2

Your spell library contained the following spells:

 Spells                   Type           Power      Damage    Failure   Level
 Scorch                   Fire           74%        2d8       1%          2
 Sting                    Tmut/Pois      48%        1d5       3%          1
 Conjure Flame            Conj/Fire      25%        6-21      4%          3
 Inner Flame              Hex/Fire       22%        N/A       6%          3
 Flame Wave               Conj/Fire      25%        2d8       16%         4
 Olgreb's Toxic Radiance  Pois           18%        N/A       24%         4
 Fulminant Prism          Conj/Hex       5%         3d7       36%         4
 Irradiate                Conj/Tmut      5%         3d13      73%         5
 Lightning Bolt           Conj/Air       5%         1d17      73%         5
 Lehudib's Crystal Spear  Conj/Erth      5%         10d3      100%        8
 Chain Lightning          Conj/Air       5%         3d6       100%        9
 Fire Storm               Conj/Fire      12%        8d3       100%        9
 Shatter                  Erth           3%         3d7*      100%        9


Dungeon Overview and Level Annotations

Branches:
Dungeon (3/15) Zot: 15009

Altars:

Shops:
D:3 [


Message History

Your foxfire dissipates!
Your foxfire dissipates!
j - 2 scrolls labelled DOIQEGH ICARY (gained 1) As you open the door, it creaks loudly!
You hear an angry hiss.
A frilled lizard comes into view.
MP restored: 11
Casting: Foxfire (safe; 1% risk of failure)
Confirm with . or Enter, or press ? or * to list all spells.
You conjure some foxfire!
You now have 10/11 mp.
The foxfire hits the frilled lizard.
You kill the frilled lizard!
Casting: Foxfire (safe; 1% risk of failure)
Confirm with . or Enter, or press ? or * to list all spells.
You conjure some foxfire!
You now have 9/11 mp.
Your foxfire dissipates!
Casting: Foxfire (safe; 1% risk of failure)
Confirm with . or Enter, or press ? or * to list all spells.
You conjure some foxfire!
Your foxfire dissipates!
You now have 8/11 mp.
Your foxfire dissipates!
Your foxfire dissipates! x2
There is an open door here.
You now have 2070 gold pieces (gained 23).
Found Ymmy Ciutu's Antique Armour Shoppe.
MP restored: 11
There is an entrance to Ymmy Ciutu's Antique Armour Shoppe here.
You can access your shopping list by pressing '$'.
p - a +1 pair of boots Thank you for shopping at Ymmy Ciutu's Antique Armour Shoppe!
q - a +0 pair of boots of flying Thank you for shopping at Ymmy Ciutu's Antique Armour Shoppe!
You start putting on your armour.
You continue putting on your +0 pair of boots of flying. x4
You finish putting on your +0 pair of boots of flying.
You fly up into the air.
You drop a +1 pair of boots.
Are you sure you want to abandon this character and quit the game? (Confirm with "yes".)

#### ... ..
#####.##### .#
.........# #.#
#.#...#.## #.#
#..#.#...# #.#
#...∩@...# #.#
#..#.#...# #.#
#.#...#..#######.#
.................>#
###.#.############.#
...#. .........# ###
## ########.# #.#
#.#


There were no monsters in sight!

Vanquished Creatures
  Jessica (D:2)
  An adder (D:2)
  2 ball pythons (D:1)
  3 bats
  4 endoplasms (D:1)
  2 goblins (D:1)
  5 hobgoblins
  3 quokkas (D:1)
  3 frilled lizards
  4 kobolds
  5 rats
33 creatures vanquished.

Vanquished Creatures (others)
  170 foxfires
  A plant (D:3)
171 creatures vanquished.

Grand Total: 204 creatures vanquished

Notes
Turn   | Place    | Note
-------+----------+-------------------------------------------
     0 | D:1      | Psyclone the Deep Elf Fire Elementalist began the quest for
                  | the Orb.
     0 | D:1      | Reached XP level 1. HP: 10/10 MP: 6/6
    78 | D:1      | Identified 3 scrolls of acquirement
    78 | D:1      | Acquired 784 gold pieces
    79 | D:1      | Acquired the Secrets of Calefaction and Conjuration
   201 | D:1      | Acquired 1164 gold pieces
   399 | D:1      | Reached XP level 2. HP: 15/15 MP: 4/8
   529 | D:1      | Found a faded altar of an unknown god.
   553 | D:1      | Reached skill level 4 in Fire Magic
  2012 | D:2      | Reached XP level 3. HP: 19/19 MP: 5/9
  2015 | D:2      | Learned a level 2 spell: Poisonous Vapours
  2019 | D:2      | Learned a level 3 spell: Ignite Poison
  2169 | D:2      | Noticed Jessica
  2176 | D:2      | Killed Jessica
  2177 | D:2      | Reached skill level 1 in Poison Magic
  2875 | D:3      | Reached XP level 4. HP: 24/24 MP: 8/11
  2978 | D:3      | Found Ymmy Ciutu's Antique Armour Shoppe.
  2986 | D:3      | Bought a pair of embroidered boots for 187 gold pieces
  2986 | D:3      | Bought a pair of embroidered boots for 187 gold pieces
  2993 | D:3      | Quit the game

Illustrated notes

Levels and vault maps discovered:
D:1:      minmay_arrival_hallway, layout_loops_corners, basic_ecumenical_altar,
          minmay_unequal
D:2:      layout_loops_ring, uniq_jessica
D:3:      layout_basic, serial_shops, nicolae_shop_advertising_works
          [nicolae_subvault_shop_adworks], minmay_shallow_snake_nest,
          uniq_natasha

Skill      XL: |  1  2  3 |
---------------+----------+-----
Fire Magic     | 4 |  4.5
Poison Magic   | 1 |  1.7
Dodging        | |  2.4
Stealth        | |  2.4
Spellcasting   | |  3.9
Conjurations   | |  1.1

Action                   |  1- 3 |  4- 6 || total
-------------------------+-------+-------++-------
 Cast: Foxfire           |   102 |     6 ||   108
  Use: Scroll            |     3 |       ||     3
Armor: Robe              |     1 |       ||     1
Dodge: Dodged            |     8 |       ||     8
